 Dungeon Crawl Stone Soup version 0.31-a0-496-g6f97920a28 (webtiles) character file.

Game seed: 30377622574904465

924 kae the Changeling (level 7, -4/52 HPs)
             Began as a Purple Draconian Shapeshifter on Aug 8, 2023.
             Killed by divine providence
             ... invoked by an orc priest
              (15 damage)
             ... on level 5 of the Dungeon.
             The game lasted 00:03:38 (3870 turns).

kae the Changeling (Purple Draconian Shapeshifter)  Turns: 3870, Time: 00:03:39

Health: -4/52      AC:  6    Str: 18    XL:     7   Next: 84%
Magic:  7/7        EV: 12    Int:  8    God:
Gold:   189        SH:  0    Dex: 13    Spells: 6/6 levels left

rFire   . .          .
                       - Unarmed
rCold   . . .        (no shield)
rNeg    . . .        (body armour unavailable)
rPois   +            (helmet currently unavailable)
rElec   .            (cloak currently unavailable)
rCorr   .            (gloves currently unavailable)
SInv    .            (boots currently unavailable)
Will    +....        i - amulet of magic regeneration
Stlth   +            P - ring of poison resistance
HPRegen 0.28/turn    (no ring)
MPRegen 0.50/turn

%: no passive effects
@: beast-form
A: beast (slay +4), breathe power, AC +6, unfitting armour, cold-blooded
a: Breathe Dispelling Energy, Begin Untransformation


You were on level 5 of the Dungeon.
You were a hulking beast.
You visited 1 branch of the dungeon, and saw 5 of its levels.

You collected 189 gold pieces.


Innate Abilities, Weirdness & Mutations

You are a hulking beast.
Your limbs bulge with bestial killing power. (Slay +4)
You can breathe bolts of dispelling energy.
Your rich purple scales are hard. (AC +6)
You cannot fit into any form of body armour.
You are cold-blooded and may be slowed by cold attacks.


   Skills:
 - Level 1.1 Fighting
 - Level 1.7 Dodging
 + Level 6.0 Unarmed Combat
 * Level 6.8 Shapeshifting


You had 6 spell levels left.
You didn't know any spells.
Your spell library was empty.

Inventory:

Missiles
 e - 48 stones
 m - a throwing net {=f!f}
Jewellery
 i - an amulet of magic regeneration (around neck)
   (You found it on level 1 of the Dungeon)
 P - a ring of poison resistance (left hand)
   (You found it on level 2 of the Dungeon)
Talismans
 b - a beast talisman (active)
 c - a flux talisman
Scrolls
 g - 2 scrolls of poison
 j - 2 scrolls of amnesia
 l - a scroll of brand weapon
Potions
 f - a potion of magic
 k - 2 potions of curing {@q1}

Dungeon Overview and Level Annotations

Branches:
Dungeon (5/15) Zot: 26169  Temple (0/1) D:5

Altars:
Elyvilon
Hepliaklqana
Sif Muna
Uskayaw
Yredelemnul

.#.#..#.###.....######....####
.#.#....# ##.....### ##......#
.#....### #.......#########.#
.###### ##.#.##....... .
.####.####...)..o......##
....#..<...###.........#
###.#......###.........#
#...#.o......#.........#
#.###.######.###h#########
#...#o# .#....oo.....#
###.#.######.#.#..o......#
#.#....o.o.............#
#.....o.....##.........##
#####..............o....#
#.#####.........T...#
#.########.######...#
#...........o..:....#


You could see a troll, an orc priest, an orc wizard and 3 orcs.


Message History

You hit the scorpion but do no damage. The scorpion barely misses you.
A scorpion is nearby!
You hit the scorpion but do no damage.
Your tail-slap misses the scorpion.
The scorpion closely misses you.
You barely miss the scorpion. The scorpion stings you. 😮 HP[-6]
You take 6 damage, and now have 38/52 hp.
A scorpion is nearby!
You punch the scorpion! The scorpion stings you.
You are too injured to fight recklessly! 😮 HP[-3]
You take 3 damage, and now have 35/52 hp.
You are too injured to fight recklessly!
You are too injured to fight recklessly!
You are too injured to fight recklessly!
You are too injured to fight recklessly!
You hit the scorpion. You tail-slap the scorpion.
You kill the scorpion!
Your Unarmed Combat skill increases to level 6! 😮 HP[+1] 😮 HP[+1]
You start resting.
A troll is nearby! 😮 HP[+2]
You regained 2 hp, and now have 39/52 hp. 😕 HP[+1]
You start resting. 😕 HP[+4]
You regained 4 hp, and now have 44/52 hp.
You start resting. 😎 HP[+8]
Your hp is fully restored (52).
You start waiting.
A troll is nearby!
Okay, then.
Okay, then.
Okay, then.
Okay, then.
Okay, then.
Okay, then.
Your library has no spells.
Unknown command.
Okay, then.
Okay, then.
Okay, then.
Okay, then.
You barely miss the troll. The troll closely misses you.
The troll claws you! x2 😮 HP[-16]
You take 16 damage, and now have 36/52 hp.
MASSIVE DAMAGE!! (PAUSE)
You hit the troll. You tail-slap the troll. The troll misses you.
The troll claws you. The troll barely misses you. 😮 HP[-4]
You take 4 damage, and now have 32/52 hp.
You punch the troll!
Your tail-slap misses the troll.
The troll bites you. The troll misses you. The troll claws you!
* * * LOW HITPOINT WARNING * * *
😨 HP[-10]
You take 10 damage, and now have 22/52 hp.
Unknown command.
Blink to where?
Press: ? - help, Dir - move target
As you read the scroll of blinking {!r}, it crumbles to dust. 😨 HP[+1]
Found a book of Burglary.
Found a staircase to the Ecumenical Temple. 😨 HP[+1] 😨 HP[+1]
An orc comes into view. It is wielding a +0 club.
The orc shouts!
The orc priest shouts!
You hear a shout!
You see here a +0 falchion.
There is a staircase to the Ecumenical Temple here. 😨 HP[+1]
The orc shouts! 😮 HP[+1]
The orc hits you with a +0 whip.
* * * LOW HITPOINT WARNING * * *
The orc wizard casts a spell at you. The puff of flame misses you. 😨 HP[-3]
You take 3 damage, and now have 24/52 hp.
The orc attacks as you move away! The orc misses you.
The orc priest calls down the wrath of Beogh upon you.
Beogh smites you!
* * * LOW HITPOINT WARNING * * *
The orc hits you but does no damage. 😱 HP[-12]
You take 12 damage, and now have 12/52 hp.
MASSIVE DAMAGE!! (PAUSE)
The orc attacks as you move away! The orc hits you with a +0 whip.
* * * LOW HITPOINT WARNING * * *
The orc wizard casts a spell at you. You resist with almost no effort.
The orc completely misses you. 😱 HP[-1]
You take 1 damage, and now have 11/52 hp.
The orc attacks as you move away! The orc closely misses you.
The orc attacks as you move away! The orc closely misses you.
The orc priest mumbles some strange prayers to Beogh against you.
Beogh smites you!
You die...

Skill      XL: |  1  2  3  4  5  6  7 |
---------------+----------------------+-----
Shapeshifting  | 4 5 6 |  6.8
Unarmed Combat | 4 5 6 |  6.0
Fighting       | |  1.1
Dodging        | |  1.7

Action                     |  1- 3 |  4- 6 |  7- 9 || total
---------------------------+-------+-------+-------++-------
  Melee: Unarmed           |    83 |   132 |    68 ||   283
         Tailslap          |     7 |    23 |    15 ||    45
         Punch             |     2 |     4 |     2 ||     8
    Use: Potion            |       |     3 |       ||     3
         Scroll            |       |     2 |     6 ||     8
   Stab: Sleeping          |       |     1 |       ||     1
 Armour: Skin              |    24 |    41 |    16 ||    81
  Dodge: Dodged            |    53 |    69 |    42 ||   164

Levels and vault maps discovered:
D:1:      kb_arrival_jail, layout_basic, minmay_bisected
D:2:      layout_basic
D:3:      layout_rooms, overflow_temple_1_default, kennysheep_ying_yang
D:4:      layout_loops_ring, mainiacjoe_overflow_six_doors_small,
          lemuel_tele_altar, minivault_19, kennysheep_doodads, uniq_sigmund,
          uniq_blork_the_orc
D:5:      layout_basic, nicolae_kikubaaqudgha_miasma_corner,
          minmay_temple_entry_offerings

Notes
Turn   | Place    | Note
-------+----------+-------------------------------------------
     0 | D:1      | kae the Draconian Shapeshifter began the quest for the Orb.
     0 | D:1      | Reached XP level 1. HP: 16/16 MP: 1/1
     0 | D:1      | magus.rc [v1.11.3]
     2 | D:1      | Noticed a naga
     2 | D:1      | Noticed a felid
     4 | D:1      | Noticed a formicid
     6 | D:1      | Noticed a ghoul
     6 | D:1      | Noticed a vine stalker
     8 | D:1      | Noticed a meteoran
     8 | D:1      | Noticed a demigod
    10 | D:1      | Noticed a minotaur
    10 | D:1      | Noticed a spriggan
    12 | D:1      | Noticed an armataur
    12 | D:1      | Noticed a draconian
    14 | D:1      | Noticed a gargoyle
    14 | D:1      | Noticed a troll
    16 | D:1      | Noticed a merfolk
    16 | D:1      | Noticed an elf
    18 | D:1      | Noticed a tengu
    18 | D:1      | Noticed an ogre
    20 | D:1      | Noticed an octopode
    22 | D:1      | Noticed a demonspawn
    24 | D:1      | Noticed a vampire
    24 | D:1      | Noticed a ghoul
    26 | D:1      | Noticed a human
    26 | D:1      | Noticed a spriggan
    82 | D:1      | Reached XP level 2. HP: 17/23 MP: 2/2
   266 | D:1      | Reached XP level 3. HP: 23/28 MP: 3/3
  1007 | D:2      | Reached skill level 4 in Shapeshifting
  1007 | D:2      | Reached XP level 4. HP: 20/35 MP: 4/4
  1151 | D:2      | HP: 9/52 [orc priest/divine providence (12)]
  1158 | D:2      | Reached skill level 4 in Unarmed Combat
  1165 | D:2      | HP: 10/52 [giant cockroach (1)]
  1168 | D:2      | Reached XP level 5. HP: 12/40 MP: 5/5
  1743 | D:3      | Found a hazy altar of Hepliaklqana.
  1950 | D:3      | Found a white marble altar of Elyvilon.
  2121 | D:3      | Found a basalt altar of Yredelemnul.
  2229 | D:4      | Noticed Sigmund
  2364 | D:4      | Killed Sigmund
  2365 | D:4      | Reached skill level 5 in Shapeshifting
  2365 | D:4      | Reached XP level 6. HP: 34/47 MP: 6/6
  2462 | D:4      | Found a shimmering blue altar of Sif Muna.
  2586 | D:4      | Noticed Blork the orc
  2601 | D:4      | Killed Blork the orc
  2602 | D:4      | Reached skill level 5 in Unarmed Combat
  2896 | D:4      | Your scales start taking on a rich purple colour.
  2896 | D:4      | Reached XP level 7. HP: 46/52 MP: 7/7
  2966 | D:4      | Reached skill level 6 in Shapeshifting
  3280 | D:4      | Found a hide-covered altar of Uskayaw.
  3441 | D:5      | Entered Level 5 of the Dungeon
  3677 | D:5      | Noticed a troll
  3739 | D:5      | Reached skill level 6 in Unarmed Combat
  3853 | D:5      | Found a staircase to the Ecumenical Temple.
  3867 | D:5      | HP: 12/52 [orc priest/divine providence (13)]
  3870 | D:5      | Killed from afar by an orc priest

Vanquished Creatures
  Sigmund (D:4)
  An ice beast (D:5)
  A black bear (D:5)
  Blork the orc (D:4)
  2 scorpions
  A jelly (D:4)
  A gnoll bouda (D:4)
  3 orc priests (D:2)
  A sleepcap (D:4)
  An iguana (D:4)
  4 gnolls
  4 adders
  An ufetubus (D:5)
  3 worms
  4 dart slugs
  15 orcs
  8 ball pythons
  6 bats
  7 endoplasms
  5 giant cockroaches
  7 hobgoblins
  2 jackals (D:1)
  5 kobolds
  6 quokkas
  5 frilled lizards
  5 goblins
  4 rats
104 creatures vanquished.

Table legend:
 A = Non-vault XP
 B = Vault XP
 C = Vault XP percentage of total XP
 D = Non-vault monster count
 E = Vault monster count
 F = Vault count percentage of total count
                 A         B        C        D         E       F
            +---------+---------+-------+---------+---------+-------
      Total |     979 |     341 |  25.8 |      99 |       5 |   4.8
            +---------+---------+-------+---------+---------+-------
        D:1 |      59 |      19 |  24.4 |      30 |       3 |   9.1
        D:2 |     171 |       0 |   0.0 |      22 |       0 |   0.0
        D:3 |      51 |       0 |   0.0 |      17 |       0 |   0.0
        D:4 |     338 |     322 |  48.8 |      25 |       2 |   7.4
        D:5 |     360 |       0 |   0.0 |       5 |       0 |   0.0
            +---------+---------+-------+---------+---------+-------

Skill      XL: |  1  2  3  4  5  6  7 |
---------------+----------------------+-----
Shapeshifting  | 4 5 6 |  6.8
Unarmed Combat | 4 5 6 |  6.0
Fighting       | |  1.1
Dodging        | |  1.7

Action                     |  1- 3 |  4- 6 |  7- 9 || total
---------------------------+-------+-------+-------++-------
  Melee: Unarmed           |    83 |   132 |    68 ||   283
         Tailslap          |     7 |    23 |    15 ||    45
         Punch             |     2 |     4 |     2 ||     8
    Use: Potion            |       |     3 |       ||     3
         Scroll            |       |     2 |     6 ||     8
   Stab: Sleeping          |       |     1 |       ||     1
 Armour: Skin              |    24 |    41 |    16 ||    81
  Dodge: Dodged            |    53 |    69 |    42 ||   164

Illustrated notes

Table legend:
 A = Kills in this place as a percentage of kills in the entire game.
 B = Kills by you in this place as a percentage of kills by you in the entire game.
 C = Kills by friends in this place as a percentage of kills by friends in the entire game.
 D = Other kills in this place as a percentage of other kills in the entire game.
 E = Experience gained in this place as a percentage of experience gained in the entire game.
 F = Experience gained in this place divided by the number of levels of this place that you have seen.
                   A       B       C       D       E      F
               +-------+-------+-------+-------+-------+----------------------
         Total | 100.0 | 100.0 |   N/A |   N/A | 100.0 | 264.0
       Dungeon | 100.0 | 100.0 |   N/A |   N/A | 100.0 | 264.0
               +-------+-------+-------+-------+-------+----------------------

Table legend: (Time is in decaauts)
 A = Elapsed time spent in this place.
 B = Non-inter-level travel time spent in this place.
 C = Inter-level travel time spent in this place.
 D = Time resting spent in this place.
 E = Time spent auto-exploring this place.
 F = Levels seen in this place.
 G = Mean time per level.
                   A        B        C        D        E       F      G
               +--------+--------+--------+--------+--------+-----+--------+
         Total |   3829 |   3735 |     94 |    428 |   2612 |   5 |  765.8 |
       Dungeon |   3829 |   3735 |     94 |    428 |   2612 |   5 |  765.8 |
               +--------+--------+--------+--------+--------+-----+--------+

Top non-repeatable levels by time:
     D:4: 1161 daAuts
     D:1: 894 daAuts
     D:3: 734 daAuts
     D:2: 644 daAuts
     D:5: 395 daAuts
